 Dungeon Sprint DCSS version 0.31-a0-496-g6f97920a28 (webtiles) character file.

Game seed: 3797132542182046683

578 Midn8 the Grappler (level 7, -4/76 HPs)
             Began as a Troll Fighter on Aug 8, 2023.
             Slain by a boulder beetle (22 damage)
             ... in the Dungeon (Sprint II: "The Violet Keep of Menkaure").
             The game lasted 00:00:53 (88 turns).

Midn8 the Grappler (Troll Fighter)                    Turns: 88, Time: 00:00:54

Health: -4/76      AC:  4    Str: 25    XL:     7   Next: 13%
Magic:  6/6        EV:  9    Int:  4    God:
Gold:   486        SH: 10    Dex: 11    Spells: 6/6 levels left

rFire   . .          .
                       - Unarmed
rCold   . . .        b - +0 kite shield
rNeg    . . .        a - +0 robe
rPois   .            (helmet restricted)
rElec   .            (no cloak)
rCorr   .            (gloves unavailable)
SInv    .            (boots unavailable)
Will    .....        (no amulet)
Stlth   +            (no ring)
HPRegen 1.12/turn    (no ring)
MPRegen 0.10/turn

%: no teleportation
@: no status effects
A: large, unfitting armour, claws 3, regeneration 1, shaggy fur 1, tough skin 1
a: no special abilities


You were in the Dungeon.
You visited 1 branch You collected 486 gold pieces.

Inventory:

Armour
 a - a +0 robe (worn)
 b - a +0 kite shield (worn)
Scrolls
 i - a scroll of blinking
Potions
 c - a potion of might
 d - a potion of curing
 e - a potion of heal wounds
 f - a potion of haste
 g - 2 potions of magic


   Skills:
 + Level 6.9 Fighting
 - Level 2.4 Dodging
 - Level 7.6 Shields
 * Level 11.1 Unarmed Combat


You had 6 spell levels left.
You didn't know any spells.
Your spell library was empty.

Dungeon Overview and Level Annotations

Branches:
Dungeon (1/1)

Altars:


Innate Abilities, Weirdness & Mutations

You are too large for most types of armour.
You have claws for hands.
Your natural rate of healing is unusually fast.
You are covered in fur. (AC +1)
You have tough skin. (AC +1)


Message History

You see here a worm corpse.
There is a staircase leading out of the dungeon here.
You open the door. 2 boulder beetles come into view.
Found 243 gold pieces.
You mangle the boulder beetle!!
The boulder beetle is moderately wounded.
The boulder beetle bites you!
You scratch the boulder beetle but do no damage.
The boulder beetle is moderately wounded.
The boulder beetle bites you!!
You scratch the boulder beetle but do no damage.
The boulder beetle is moderately wounded.
The boulder beetle leaps!
You scratch the boulder beetle but do no damage.
You block the boulder beetle's attack.
You barely miss the boulder beetle.
The boulder beetle leaps!
The boulder beetle completely misses you.
You scratch the boulder beetle but do no damage.
You claw the boulder beetle!
The boulder beetle is lightly wounded.
The boulder beetle bites you.
You completely miss the boulder beetle.
The boulder beetle is lightly wounded.
The boulder beetle closely misses you.
You claw the boulder beetle!
The boulder beetle is moderately wounded.
The boulder beetle bites you!!
* * * LOW HITPOINT WARNING * * *
You scratch the boulder beetle but do no damage.
The boulder beetle is moderately wounded.
You block the boulder beetle's attack.
You scratch the boulder beetle but do no damage.
The boulder beetle is moderately wounded.
The boulder beetle bites you!
* * * LOW HITPOINT WARNING * * *
You scratch the boulder beetle.
The boulder beetle is moderately wounded.
The boulder beetle bites you!!
You die...

##+## ##...##
#.)#..# #
##...# ## ##.
##'###.##
#$.B##.##†..#
#B@<.†##
#...##.##.##
##. #†###.# #
###.#####
#..#..#
##.#.## ##+##


You could see 2 boulder beetles.

Vanquished Creatures
  A merfolk siren (D)
  4 scorpions (D)
  3 worms (D)
8 creatures vanquished.

Notes
Turn   | Place    | Note
-------+----------+-------------------------------------------
     0 | D        | Midn8 the Troll Fighter began the quest for the Orb.
     0 | D        | Reached XP level 1. HP: 22/22 MP: 0/0
     1 | D        | Noticed a scorpion
     1 | D        | Noticed a scorpion
     1 | D        | Noticed a scorpion
     1 | D        | Noticed a scorpion
     4 | D        | Killed a scorpion
     5 | D        | Reached skill level 5 in Unarmed Combat
     5 | D        | Reached XP level 2. HP: 32/32 MP: 1/1
     5 | D        | Reached XP level 3. HP: 39/39 MP: 2/2
     8 | D        | Killed a scorpion
     9 | D        | Reached skill level 5 in Shields
     9 | D        | Reached skill level 6 in Unarmed Combat
     9 | D        | Reached XP level 4. HP: 49/49 MP: 3/3
    12 | D        | Killed a scorpion
    13 | D        | Reached skill level 5 in Fighting
    13 | D        | Reached skill level 8 in Unarmed Combat
    13 | D        | Reached XP level 5. HP: 57/57 MP: 4/4
    52 | D        | Noticed a merfolk siren
    60 | D        | Killed a merfolk siren
    61 | D        | Reached skill level 11 in Unarmed Combat
    61 | D        | Reached XP level 6. HP: 68/68 MP: 5/5
    61 | D        | Reached XP level 7. HP: 76/76 MP: 6/6
    75 | D        | Noticed a boulder beetle
    75 | D        | Noticed a boulder beetle
    88 | D        | Slain by a boulder beetle

Illustrated notes

Levels and vault maps discovered:
D:        the_violet_keep_of_menkaure [sprint2_stairs_cluster_1,
          sprint2_shoproom, sprint2_temple, sprint2_basic_supplies,
          sprint2_obstacle_6, sprint2_obstacle_2, sprint2_obstacle_7,
          sprint2_obstacle_1, sprint2_obstacle_4, sprint2_timed_cluster_1,
          sprint2_smallroom_cluster_1, sprint2_smallroom_final_cluster_1,
          sprint2_transparent_cluster_1, sprint2_second_timed_cluster_1,
          sprint2_sniper_area_1, sprint2_heavy_combat_area_1,
          sprint2_mutation_trap_area_1, sprint2_forest_area_1,
          sprint2_light_combat_area_1, sprint2_behind_water_1,
          sprint2_near_end_vault_1]

Skill      XL: |  1  2  3  4  5 |
---------------+----------------+-----
Fighting       | 3 4 5 6 |  6.9
Shields        | 4 5 7 |  7.6
Unarmed Combat | 5 6 8 11 | 11.1
Dodging        | |  2.4

Action                     |  1- 3 |  4- 6 |  7- 9 || total
---------------------------+-------+-------+-------++-------
  Melee: Unarmed           |     5 |    18 |    12 ||    35
    Use: Potion            |     1 |       |       ||     1
 Armour: Robe              |       |     1 |       ||     1
  Dodge: Dodged            |       |     2 |     2 ||     4
  Block: Kite shield       |     1 |     1 |     2 ||     4

Table legend: (Time is in decaauts)
 A = Elapsed time spent in this place.
 B = Non-inter-level travel time spent in this place.
 C = Inter-level travel time spent in this place.
 D = Time resting spent in this place.
 E = Time spent auto-exploring this place.
 F = Levels seen in this place.
 G = Mean time per level.
                   A        B        C        D        E       F      G
               +--------+--------+--------+--------+--------+-----+--------+
         Total |     91 |     91 |      0 |     21 |      0 |   1 |   91.0 |
       Dungeon |     91 |     91 |      0 |     21 |      0 |   1 |   91.0 |
               +--------+--------+--------+--------+--------+-----+--------+

Top non-repeatable levels by time:
       D: 91 daAuts
